 Dungeon Sprint DCSS version 0.30.1-11-g7821555f0a (webtiles) character file.

Game seed: 13646201061031126881

101 Heoruswealwe the Poker (level 4, -23/45 HPs)
             Began as a Minotaur Fighter on Dec 15, 2023.
             Annihilated by an ogre
             ... wielding a +0 giant club
              (27 damage)
             ... in the Dungeon (Sprint IX: "|||||||||||||||||||||||||||||").
             The game lasted 00:00:43 (41 turns).

Heoruswealwe the Poker (Minotaur Fighter)             Turns: 41, Time: 00:00:43

Health: -23/45     AC:  7    Str: 22    XL:     4   Next: 48%
Magic:  3/3        EV:  9    Int:  5    God:
Gold:   0          SH:  4    Dex: 10    Spells: 3/3 levels left

rFire   . . .        a - +0 trident
rCold   . . .        d - +0 buckler
rNeg    . . .        c - +0 scale mail
rPois   .            (helmet restricted)
rElec   .            (no cloak)
rCorr   .            (no gloves)
SInv    .            (no boots)
Will    .....        (no amulet) Stlth
                     (no ring)
HPRegen 0.27/turn    (no ring)
MPRegen 0.08/turn

%: no teleportation
@: no status effects
A: horns 2, retaliatory headbutt
a: no special abilities


You were in the Dungeon.
You visited 1 branch

Inventory:

Hand Weapons
 a - a +0 trident (weapon)
Armour
 c - a +0 scale mail (worn)
 d - a +0 buckler (worn)
Potions
 b - a potion of might
 g - a potion of haste
 i - a potion of berserk rage


   Skills:
 + Level 6.4 Fighting
 * Level 7.9 Polearms
 + Level 6.4 Armour
 - Level 3.6 Shields


You had 3 spell levels left.
You didn't know any spells.
Your spell library was empty.

Dungeon Overview and Level Annotations

Branches:
Dungeon (1/1)

Altars:


Innate Abilities, Weirdness & Mutations

You have a pair of horns on your head.
You reflexively headbutt those who attack you in melee.


Message History

You hit the scorpion. You headbutt the scorpion.
The scorpion is severely wounded.
The scorpion stings you.
You are poisoned.
The scorpion poisons you!
The orc hits you from afar with a +0 trident.
You feel better. The scorpion stings you. The orc hits you but does no damage.
The scorpion stings you.
You puncture the scorpion!
You kill the scorpion!
The orc closely misses you.
Your Fighting skill increases to level 6!
Your Polearms skill increases to level 7!
Your Armour skill increases to level 6!
You have reached level 4!
You feel agile.
Reach: a) +0 trident
Press: ? - help, Dir - move target, f - orc
Aim: an orc, wielding a +0 trident, wearing a +0 ring mail and quivering silver boomerangs (about 35% to evade your +0 trident)
You reach to attack!
You puncture the orc!
You kill the orc!
Reach: a) +0 trident
Press: ? - help, Dir - move target, f - ogre
Aim: an ogre, wielding a +0 giant club (about 24% to evade your +0 trident)
You reach to attack!
You hit the ogre.
The ogre is lightly wounded.
You puncture the ogre!
The ogre is heavily wounded.
The ogre hits you with a +0 giant club!!
* * * LOW HITPOINT WARNING * * *
You hit the ogre.
The ogre is heavily wounded.
You closely miss the ogre. You headbutt the ogre.
The ogre is severely wounded.
The ogre barely misses you.
You hit the ogre.
The ogre is severely wounded.
The ogre hits you with a +0 giant club!!
Ouch! That really hurt!
You die... ▓▓▓▓▓▓▓▓▓▓▓▓▓▓▓▓▓▓ +@O)..'.....).!.<▓ ▓▓▓▓▓▓▓▓▓▓▓▓▓▓▓▓▓▓

You could see an ogre.

Vanquished Creatures
  A scorpion (D)
  An iguana (D)
  An adder (D)
  An orc (D)
  An endoplasm (D)
  A giant cockroach (D)
  A jackal (D)
  A frilled lizard (D)
  A goblin (D)
9 creatures vanquished.

Notes
Turn   | Place    | Note
-------+----------+-------------------------------------------
     0 | D        | Heoruswealwe the Minotaur Fighter began the quest for the
                  | Orb.
     0 | D        | Reached XP level 1. HP: 19/19 MP: 0/0
     8 | D        | Reached skill level 3 in Polearms
    20 | D        | Noticed an iguana
    20 | D        | Noticed a scorpion
    20 | D        | Noticed an ogre
    23 | D        | Reached skill level 4 in Polearms
    23 | D        | Reached XP level 2. HP: 28/28 MP: 1/1
    29 | D        | Reached skill level 5 in Fighting
    29 | D        | Reached skill level 6 in Polearms
    29 | D        | Reached skill level 5 in Armour
    29 | D        | Reached XP level 3. HP: 11/36 MP: 2/2
    35 | D        | Killed a scorpion
    36 | D        | Reached skill level 7 in Polearms
    36 | D        | Reached XP level 4. HP: 23/45 MP: 3/3
    41 | D        | Annihilated by an ogre

Illustrated notes

Levels and vault maps discovered:
D:        linesprint [early_d, line_temple, items_1, d_10, items_2, lair_1,
          lair_end, items_3, orc_1, orc_end, items_4, d_15, swamp_1, shoals_1,
          snake_1, spider_1, d_20, vaults_1, items_5, swamp_end, shoals_end,
          snake_end, spider_end, vaults_end, d_27, items_6, zot_1, zot_end,
          crypt_end, forest_end, elf_end, slime_end, tomb_end, abyss_end,
          pan_hell_end]

Skill      XL: |  1  2  3 |
---------------+----------+-----
Polearms       | 4 6 7 |  7.9
Fighting       | 4 5 6 |  6.4
Armour         | 4 5 6 |  6.4
Shields        | |  3.6

Action                     |  1- 3 |  4- 6 || total
---------------------------+-------+-------++-------
  Melee: Trident           |    21 |     6 ||    27
         Headbutt          |     3 |     1 ||     4
    Use: Scroll            |     1 |       ||     1
         Potion            |     2 |       ||     2
 Armour: Scale mail        |     9 |       ||     9
  Dodge: Dodged            |     3 |     1 ||     4
  Block: Buckler           |     5 |       ||     5
